 Dungeon Crawl Stone Soup version 0.20-a0 (webtiles) character file.

60 kroki the Chopper (level 4, 0/35 HPs)
             Began as a Formicid Fighter on Oct 27, 2016.
             Succumbed to an adder's poison
             ... on level 2 of the Dungeon.
             The game lasted 00:00:48 (1489 turns).

kroki the Chopper (Formicid Fighter)                Turns: 1489, Time: 00:00:48

Health: 0/35       AC:  6    Str: 25    XL:     4   Next: 25%
Magic:  4/4        EV: 13    Int:  8    God:
Gold:   66         SH: 10    Dex: 16    Spells: 0 memorised, 3 levels left

rFire  . . .     SeeInvis +     a - +0 war axe
rCold  . . .     Gourm    .     b - +0 scale mail
rNeg   . . .     Faith    .     c - +0 shield
rPois  .         Spirit   .     (helmet unavailable)
rElec  .         Reflect  .     (no cloak)
rCorr  .         Harm     .     (no gloves)
MR     .....                    (no boots)
Stlth  +.........               (no amulet)
                                (no ring)
                                (no ring)

@: mighty, agile, lethally poisoned (0 -> -9)
A: permanent stasis, dig shafts and tunnels, four strong arms, antennae 3
a: Dig, Shaft Self


You were on level 2 of the Dungeon.
You were not hungry.

You visited 1 branch of the dungeon, and saw 2 of its levels.

You collected 66 gold pieces.

Inventory:

Hand Weapons
 a - a +0 war axe (weapon)
Armour
 b - a +0 scale mail (worn)
 c - a +0 shield (worn)
Jewellery
 j - an uncursed amulet of rage {unknown}
   (You found it on level 2 of the Dungeon)
Scrolls
 g - a scroll of enchant armour {unknown}
 h - a scroll of recharging {unknown}
 i - a scroll of random uselessness {unknown}
Comestibles
 f - a bread ration {@e1}
 k - a chunk of flesh {@w0}


   Skills:
 - Level 3.4 Fighting
 + Level 4.0 Axes
 - Level 3.2 Armour
 - Level 3.6 Shields


You had 3 spell levels left.
You didn't know any spells.

Dungeon Overview and Level Annotations

Branches:
Dungeon (2/15)

Altars:


Innate Abilities, Weirdness & Mutations

You are under a permanent stasis effect.
You can dig through walls and to a lower floor.
Your four strong arms can wield two-handed weapons with a shield.
You have a pair of large antennae on your head. (SInv)


Message History

You are poisoned.
The adder poisons you! You block the adder's attack.
You take 4 damage, and have 31/35 hp.
An adder is nearby!
You closely miss the adder.
You feel sick. The adder bites you. The adder bites you but does no damage.
You take 3 damage, and have 28/35 hp.
An adder is nearby!
You are too injured to fight recklessly!
An adder is nearby!
You are too injured to fight recklessly!
An adder is nearby!
You are too injured to fight recklessly!
An adder is nearby!
You are too injured to fight recklessly!
An adder is nearby!
You are too injured to fight recklessly!
An adder is nearby!
You are too injured to fight recklessly!
An adder is nearby!
You are too injured to fight recklessly!
An adder is nearby!
You are too injured to fight recklessly!
An adder is nearby!
You are too injured to fight recklessly!
An adder is nearby!
You are too injured to fight recklessly!
An adder is nearby!
You are too injured to fight recklessly!
An adder is nearby!
You are too injured to fight recklessly!
You closely miss the adder.
You feel sick. The adder bites you. The adder barely misses you.
You take 2 damage, and have 26/35 hp.
You closely miss the adder. You block the adder's attack.
You barely miss the adder. You block the adder's attack.
The adder closely misses you.
You closely miss the adder.
You feel sick.
The adder bites you but does no damage. x2
You take 1 damage, and have 26/35 hp.
You barely miss the adder. The adder bites you. You block the adder's attack.
You take 4 damage, and have 22/35 hp.
You barely miss the adder. You block the adder's attack.
An adder is nearby!
You are too injured to fight recklessly!
You closely miss the adder.
You feel sick. The adder bites you. You block the adder's attack.
You take 4 damage, and have 18/35 hp.
An adder is nearby!
You are too injured to fight recklessly!
You hit the adder. You block the adder's attack.
The adder bites you but does no damage.
You hit the adder. The adder bites you.
You are more poisoned.
The adder poisons you! You block the adder's attack.
You take 2 damage, and have 16/35 hp.
You barely miss the adder.
You feel sick. The adder bites you.
You are more poisoned.
The adder poisons you!
You take 3 damage, and have 13/35 hp.
You hit the adder but do no damage.
You feel sick. The adder bites you.
* * * LOW HITPOINT WARNING * * *
You are more poisoned.
The adder poisons you! The adder barely misses you.
You take 4 damage, and have 9/35 hp.
There is a lethal amount of poison in your body!
You are too injured to fight recklessly!
You barely miss the adder.
* * * LOW HITPOINT WARNING * * *
You feel sick. You block the adder's attack. The adder barely misses you.
You take 2 damage, and have 7/35 hp.
There is a lethal amount of poison in your body!
You are too injured to fight recklessly!
Your shield and scale mail prevent you from hitting the adder.
* * * LOW HITPOINT WARNING * * *
You feel sick. The adder bites you.
* * * LOW HITPOINT WARNING * * *
You block the adder's attack.
You take 3 damage, and have 4/35 hp.
You miss the adder.
* * * LOW HITPOINT WARNING * * *
You feel sick.
The adder bites you but does no damage. x2
You take 1 damage, and have 3/35 hp.
Unknown command.
It was a potion of agility.
You feel agile all of a sudden.
* * * LOW HITPOINT WARNING * * *
You feel sick. The adder barely misses you.
You take 1 damage, and have 2/35 hp.
You feel very mighty all of a sudden.
* * * LOW HITPOINT WARNING * * *
You feel sick. The adder misses you.
You take 1 damage, and have 1/35 hp.
Unknown command.
You slash the adder!
You kill the adder!
Your Axes skill increases to level 4!
* * * LOW HITPOINT WARNING * * *
You feel sick.
You die...

#..# ... ..# ..# #<. #.#
#.# ...# #@######## ...#
##........# ...#
#.....###.# ..###
#.....###.# ##...<.
#......##.###......
#......##.#........
#......##.#.#.##### #
##.................
....####.###.####.#.##...


There were no monsters in sight!

Vanquished Creatures
  2 adders (D:2)
  An ooze (D:1)
  A dart slug (D:2)
  A leopard gecko (D:1)
  3 bats
  4 goblins
  5 hobgoblins (D:1)
  4 jackals
  5 kobolds
  3 frilled lizards (D:1)
  3 rats (D:1)
32 creatures vanquished.

Notes
Turn   | Place    | Note
-------+----------+-------------------------------------------
     0 | D:1      | kroki the Formicid Fighter began the quest for the Orb.
     0 | D:1      | Reached XP level 1. HP: 18/18 MP: 1/1
   169 | D:1      | Reached XP level 2. HP: 8/24 MP: 2/2
   688 | D:1      | Reached skill level 3 in Axes
   703 | D:1      | Reached XP level 3. HP: 29/29 MP: 3/3
  1310 | D:2      | Reached XP level 4. HP: 34/35 MP: 4/4
  1483 | D:2      | HP: 7/35 [poisoned by an adder]
  1485 | D:2      | HP: 3/35 [poisoned by an adder]
  1487 | D:2      | HP: 1/35 [poisoned by an adder]
  1488 | D:2      | Reached skill level 4 in Axes
  1489 | D:2      | Succumbed to an adder's poison

Vault maps used:
D:1:      nicolae_arrival_somewhat_less_tricky_arrival,
          hangedman_abyss_or_decor_stabs
D:2:      serial_bayou, serial_bayou_pond_a, serial_bayou_ford_a,
          serial_bayou_pond_a, serial_bayou_lagoon_b

Skill      XL: |  1  2  3  4 |
---------------+-------------+-----
Axes           | 3 4 |  4.0
Fighting       | |  3.4
Armour         | |  3.2
Shields        | |  3.6

Action                   |  1- 3 |  4- 6 || total
-------------------------+-------+-------++-------
Melee: War axe           |   101 |    25 ||   126
  Use: Potion            |       |     2 ||     2
  Eat: Chunk             |     1 |     1 ||     2
Armor: Scale mail        |    39 |    10 ||    49
Dodge: Dodged            |    29 |     9 ||    38
Block: Shield            |    54 |    21 ||    75

Vault maps used:
D:1:      nicolae_arrival_somewhat_less_tricky_arrival,
          hangedman_abyss_or_decor_stabs
D:2:      serial_bayou, serial_bayou_pond_a, serial_bayou_ford_a,
          serial_bayou_pond_a, serial_bayou_lagoon_b

Table legend:
 A = Turns spent in this place as a percentage of turns spent in the entire game.
 B = Non-inter-level travel turns spent in this place as a percentage of non-inter-level travel turns spent in the entire game.
 C = Inter-level travel turns spent in this place as a percentage of turns spent in this place.
 D = Turns resting spent in this place as a percentage of non-inter-level travel turns spent in this place.
 E = Turns spent auto-exploring this place as a percentage of non-inter-level travel turns spent in this place.
 F = Non-inter-level travel turns spent in this place divided by the number of levels of this place that you've seen.
                   A       B       C       D       E      F
               +-------+-------+-------+-------+-------+----------------------
         Total | 100.0 | 100.0 |   0.2 |   0.0 |  10.7 | 303.5
       Dungeon | 100.0 | 100.0 |   0.2 |   0.0 |  10.7 | 303.5
               +-------+-------+-------+-------+-------+----------------------

Table legend:
 A = Kills in this place as a percentage of kills in entire the game.
 B = Kills by you in this place as a percentage of kills by you in the entire game.
 C = Kills by friends in this place as a percentage of kills by friends in the entire game.
 D = Other kills in this place as a percentage of other kills in the entire game.
 E = Experience gained in this place as a percentage of experience gained in the entire game.
 F = Experience gained in this place divided by the number of levels of this place that you have seen.
                   A       B       C       D       E      F
               +-------+-------+-------+-------+-------+----------------------
         Total | 100.0 | 100.0 |  -nan |  -nan | 100.0 |  43.5
       Dungeon | 100.0 | 100.0 |  -nan |  -nan | 100.0 |  43.5
               +-------+-------+-------+-------+-------+----------------------
